 Dungeon Crawl Stone Soup version 0.19.0-2-gae57169 (console) character file.

4018 Kloppie the Carver (level 10, 0/123 HPs)
             Began as a Demonspawn Berserker on Nov 5, 2016.
             Was an Elder of Trog.
             Slain by a wight
             ... wielding a cursed +2 mace
              (1 damage)
             ... on level 7 of the Dungeon.
             The game lasted 00:12:47 (7348 turns).

Kloppie the Carver (Demonspawn Berserker)           Turns: 7348, Time: 00:12:47

Health: 0/123      AC:  8    Str: 23    XL:     10   Next: 3%
Magic:  0/10       EV: 15    Int: 12    God:    Trog [****..]
Gold:   349        SH:  0    Dex: 16    Spells: 0 memorised, 9 levels left

rFire  + . .     SeeInvis .     a - +0 falchion
rCold  + . .     Gourm    .     x - +3 leather armour of the Neverending Nights {rC+ rN+ Int+4}
rNeg   + . .     Faith    .     (no shield)
rPois  .         Spirit   +     w - +0 helmet
rElec  .         Reflect  .     (no cloak)
rCorr  .         Harm     .     (no gloves)
MR     .....                    (no boots)
Stlth  ..........               (no amulet)
                                y - ring of protection from fire
                                p - +3 ring of evasion

@: berserking (expiring), drained, very quick
A: claws 2, magic shield, magic regeneration, magic link
a: Berserk, Trog's Hand, Brothers in Arms, Burn Spellbooks, Renounce Religion


You were on level 7 of the Dungeon.
You worshipped Trog.
Trog was greatly pleased with you.
You were hungry.

You visited 1 branch of the dungeon, and saw 7 of its levels.

You collected 349 gold pieces.

Inventory:

Hand Weapons
 a - a +0 falchion (weapon)
 B - a +1 scimitar
Armour
 w - a +0 helmet (worn)
 x - the +3 leather armour of the Neverending Nights (worn) {rC+ rN+ Int+4}
   (You found it on level 6 of the Dungeon)

   It affects your intelligence (+4).
   It protects you from cold.
   It protects you from negative energy.
Jewellery
 c - an uncursed ring of resist corrosion
 p - a +3 ring of evasion (left claw)
 y - a ring of protection from fire (right claw)
Wands
 r - a wand of enslavement (12/24)
 t - a wand of flame (24/48)
 A - a wand of polymorph (10/24)
Scrolls
 g - a scroll of remove curse
 i - 2 scrolls of enchant weapon
 k - 2 scrolls of identify
 l - 2 scrolls of teleportation
 o - a scroll of fear
 u - a scroll of recharging
 D - a scroll of magic mapping
Potions
 d - a potion of ambrosia
 e - a potion of beneficial mutation {unknown}
 j - 3 potions of curing
 m - a potion of lignification
 n - a potion of brilliance {unknown}
 z - a potion of flight
Books
 h - a book of Frost

   Spells                             Type                      Level
   a - Freeze                         Ice                          1
   b - Throw Frost                    Conjuration/Ice              2
   c - Ozocubu's Armour               Charms/Ice                   3
   d - Throw Icicle                   Conjuration/Ice              4
   e - Summon Ice Beast               Ice/Summoning                4
   Trog disapproves of the use of such an item.
Comestibles
 b - 5 meat rations
 f - a royal jelly
 q - 3 bread rations
 s - a slice of pizza
 v - 2 beef jerkies
 C - 5 chunks of flesh


   Skills:
 - Level 8.9(8.7) Fighting
 + Level 9.8(9.6) Long Blades
 + Level 5.7(5.5) Armour
 - Level 1.7(1.6) Dodging


You had 9 spell levels left.
You didn't know any spells.

Dungeon Overview and Level Annotations

Branches:
Dungeon (7/15)
 Temple: D:4-7

Altars:
Elyvilon
Hepliaklqana

Shops:
D:4 }


Innate Abilities, Weirdness & Mutations

You have very sharp fingernails.
When hurt, damage is shared between your health and your magic reserves.
You regenerate magic rapidly.
When low on magic, you restore magic in place of health.


Message History

Trog accepts your kill.
Your life force feels restored.
You have reached level 10!
Your demonic ancestry asserts itself...
Your fingernails sharpen.
You hit the wight but do no damage. You hit the wight.
The wight is lightly damaged.
The wight hits you with an enchanted mace!
* * * LOW HITPOINT WARNING * * *
You partially resist.
You feel drained.
* * * LOW HITPOINT WARNING * * *
You barely miss the wight.
The wight is lightly damaged.
You hit the wight.
The wight is moderately damaged.
You closely miss the wight.
The wight is moderately damaged.
The wight hits you with an enchanted mace.
You die...

#..# #..# ##.. #..#
#... #..# ####
##..### ###..##
##...#
#.....###.....##...#
...)..............#
...)).....####รท..##
....#....## ##z##
#........# ####@#
##......#####....##
##...............#
##..........#####
##......####
##....## ##..###
##...## ##
###.....## ##.#


You could see a wight.

Vanquished Creatures
  Joseph (D:7)
  Prince Ribbit (D:6)
  A hippogriff (D:7)
  Grinder (D:3)
  The ghost of Patchouli the Caller, an amateur TeSu (D:6)
  4 yaks
  3 orc warriors
  A sky beast (D:7)
  2 ice beasts
  A phantom (D:5)
  3 centaurs
  The ghost of SaintRoka the Charlatan, an amateur HEAr (D:3)
  3 bullfrogs (D:6)
  Blork the orc (D:5)
  4 wights (D:7)
  2 howler monkeys
  2 jellies (D:5)
  A centaur skeleton (D:6)
  A centaur zombie (D:6)
  2 hounds
  2 orc priests (D:6)
  2 bullfrog skeletons
  2 iguanas
  5 orc wizards
  Ijyb (D:3)
  Terence (D:3)
  2 worker ants (D:5)
  A hound zombie (D:5)
  A worker ant zombie (D:6)
  12 adders
  6 gnolls (D:2)
  A shadow imp (D:5)
  An ooze (D:5)
  5 adder skeletons
  4 worms
  A dart slug (D:1)
  The ghost of SaintRoka the Charlatan, a weakling HEAr (D:4)
  3 leopard geckos
  26 orcs
  A ball python (D:5)
  8 bats
  5 giant cockroaches
  6 goblins
  11 hobgoblins
  4 jackals (D:6)
  5 quokkas
  5 frilled lizards
  A jackal skeleton (D:4)
  6 kobolds
  A quokka skeleton (D:6)
  7 rats
173 creatures vanquished.

Notes
Turn   | Place    | Note
-------+----------+-------------------------------------------
     0 | D:1      | Kloppie the Demonspawn Berserker began the quest for the Orb.
     0 | D:1      | Reached XP level 1. HP: 18/18 MP: 1/1
   125 | D:1      | Gained mutation: When hurt, damage is shared between your health and your magic reserves. [demonic ancestry]
   125 | D:1      | Reached XP level 2. HP: 22/24 MP: 2/2
   158 | D:1      | Reached skill level 3 in Long Blades
   482 | D:2      | Reached XP level 3. HP: 26/29 MP: 3/3
   705 | D:2      | Reached ** piety under Trog
   984 | D:2      | Reached XP level 4. HP: 37/37 MP: 4/4
  1121 | D:2      | Found a faded altar of an unknown god.
  1843 | D:3      | Reached skill level 4 in Long Blades
  1863 | D:3      | Gained mutation: You regenerate magic rapidly. [demonic ancestry]
  1863 | D:3      | Reached XP level 5. HP: 35/43 MP: 3/5
  1881 | D:3      | Noticed SaintRoka's ghost (amateur HEAr)
  1889 | D:3      | Killed SaintRoka's ghost
  1889 | D:3      | Reached skill level 5 in Fighting
  1991 | D:3      | Noticed Grinder
  1991 | D:3      | Noticed Ijyb
  2000 | D:3      | Killed Ijyb
  2004 | D:3      | Killed Grinder
  2004 | D:3      | Reached skill level 5 in Long Blades
  2004 | D:3      | Gained mutation: You have sharp fingernails. [demonic ancestry]
  2004 | D:3      | Reached XP level 6. HP: 52/52 MP: 3/6
  2435 | D:3      | Found a white marble altar of Elyvilon.
  2653 | D:3      | Noticed Terence
  2679 | D:3      | Killed Terence
  2906 | D:4      | Noticed SaintRoka's ghost (weakling HEAr)
  2910 | D:4      | Killed SaintRoka's ghost
  3000 | D:4      | Found Vaoritti's Gadget Emporium.
  3064 | D:4      | Reached *** piety under Trog
  3158 | D:4      | Gained mutation: When low on magic, you restore magic in place of health. [demonic ancestry]
  3158 | D:4      | Reached XP level 7. HP: 45/57 MP: 7/7
  3684 | D:5      | Entered Level 5 of the Dungeon
  3790 | D:5      | Reached skill level 6 in Long Blades
  3982 | D:5      | Reached XP level 8. HP: 11/64 MP: 5/8
  4422 | D:5      | Found a hazy altar of Hepliaklqana.
  4495 | D:5      | Noticed Blork the orc
  4506 | D:5      | Killed Blork the orc
  4506 | D:5      | Reached skill level 7 in Long Blades
  4773 | D:6      | Got an ancient leather armour
  4774 | D:6      | Identified the +3 leather armour of the Neverending Nights {rC+ rN+ Int+4} (You found it on level 6 of the Dungeon)
  5167 | D:6      | Noticed Patchouli's ghost (amateur TeSu)
  5186 | D:6      | Killed Patchouli's ghost
  5234 | D:6      | Reached **** piety under Trog
  5246 | D:6      | Noticed Prince Ribbit
  5258 | D:6      | Killed Prince Ribbit
  5258 | D:6      | Reached skill level 8 in Long Blades
  5264 | D:6      | Reached XP level 9. HP: 36/72 MP: 7/9
  5466 | D:6      | Got a faintly glowing whip
  5467 | D:6      | Identified the +3 whip of Lulaimiw {freeze, rElec MP+9 Str+4 Dex+3} (You found it on level 6 of the Dungeon)
  6615 | D:6      | Reached skill level 9 in Long Blades
  6897 | D:7      | Noticed Joseph
  6925 | D:7      | Killed Joseph
  6925 | D:7      | Reached skill level 5 in Armour
  7343 | D:7      | Gained mutation: You have very sharp fingernails. [demonic ancestry]
  7343 | D:7      | Reached XP level 10. HP: 7/82 MP: 2/10
  7345 | D:7      | HP: 2/123 [wight/enchanted mace (5)]
  7348 | D:7      | Slain by a wight

Skill      XL: |  1  2  3  4  5  6  7  8  9 |
---------------+----------------------------+-----
Long Blades    | 3 4 5 6 8 9 |  9.8
Fighting       | 4 5 7 8 |  8.9
Armour         | 2 4 5 |  5.7
Dodging        | |  1.7

Action                   |  1- 3 |  4- 6 |  7- 9 | 10-12 || total
-------------------------+-------+-------+-------+-------++-------
Melee: Falchion          |    68 |   200 |   541 |     5 ||   814
       Unarmed           |       |       |     6 |       ||     6
Invok: Berserk           |     2 |     4 |    11 |       ||    17
       Trog's Hand       |       |     1 |     6 |       ||     7
  Use: Scroll            |       |       |    17 |       ||    17
       Potion            |       |       |     1 |       ||     1
  Eat: Chunk             |     1 |     8 |    26 |       ||    35
       Bread ration      |       |     1 |       |       ||     1
Armor: Animal skin       |     6 |       |       |       ||     6
       Robe              |     8 |    26 |       |       ||    34
       Chain mail        |       |    47 |    73 |       ||   120
       Skin              |       |       |    36 |       ||    36
       Leather armour    |       |       |    60 |       ||    60
Dodge: Dodged            |    46 |   101 |   340 |       ||   487
       Rpst.: Falchion   |    12 |    33 |   109 |       ||   154
